 Dungeon Crawl Stone Soup version 0.31-a0-1616-gbeaec30b81 (webtiles) character file.

Game seed: 7711689798469998213

53 mopl the Insei (level 3, -4/23 HPs)
             Began as an Octopode Shapeshifter on Jan 10, 2024.
             Slain by Crazy Yiuf
             ... wielding a +4 quarterstaff of chaos
              (9 damage)
             ... on level 2 of the Dungeon.
             The game lasted 00:01:13 (731 turns).

mopl the Insei (Octopode Shapeshifter)               Turns: 731, Time: 00:01:14

Health: -4/23      AC:  1    Str: 13    XL:     3   Next: 87%
Magic:  0/3        EV: 13    Int: 12    God:
Gold:   53         SH:  0    Dex: 13    Spells: 2/2 levels left

rFire   . .          .
                       - Unarmed
rCold   . . .        (no shield)
rNeg    . . .        (helmet currently unavailable)
rPois   .            (no amulet)
rElec   .            (no ring)
rCorr   .            (no ring)
SInv    .            (no ring)
Will    .....        (no ring)
Stlth   ++           (no ring)
HPRegen 0.23/turn    (no ring)
MPRegen 0.08/turn    (no ring)
                     (no ring)

%: no passive effects
@: beast-form
A: beast (slay +2), almost no armour, amphibious, 8 rings, camouflage 1,
gelatinous body 1, (nimble swimmer 1), tentacles
a: Begin Untransformation


You were on level 2 of the Dungeon.
You were a hulking beast.
You visited 1 branch of the dungeon, and saw 2 of its levels.

You collected 53 gold pieces.

Inventory:

Talismans
 b - a beast talisman
 c - a flux talisman
Scrolls
 d - a scroll of amnesia {unknown}
 f - a scroll of silence {unknown}
 g - 2 scrolls of immolation {unknown}
 j - a scroll of enchant armour {unknown}
 k - a scroll of fog {unknown}
Potions
 a - a potion of lignification {!q}
 e - 2 potions of heal wounds {unknown}
 h - a potion of mutation {unknown}
 i - a potion of might {unknown}


   Skills:
 + Level 1.6 Fighting
 + Level 2.3 Dodging
 * Level 3.6 Unarmed Combat
 * Level 3.5 Shapeshifting


You had 2 spell levels left.
You didn't know any spells.
Your spell library was empty.

Dungeon Overview and Level Annotations

Branches:
Dungeon (2/15)

Altars:

Annotations:
D:2 Crazy Yiuf


Innate Abilities, Weirdness & Mutations

You are a hulking beast.
Your limbs bulge with bestial killing power. (Slay +2)
You cannot wear most types of armour.
You are amphibious.
You can wear up to eight rings at the same time.
Your skin changes colour to match your surroundings (Stealth+).
Your rubbery body absorbs attacks. (AC +1, EV +1)
((You are camouflaged when in or above water. (Stealth+)))
You have tentacles for arms and can constrict up to eight enemies at once.


Message History

k - a scroll labelled CIFOINOHEA
Found a stone staircase leading up.
A rat comes into view.
A rat is nearby!
The rat squeaks loudly.
The rat closely misses you.
You tentacle-slap the rat.
You kill the rat!
No target in view!
There is a stone staircase leading up here.
Found a pair of boots.
Found a hammer.
Found a runed translucent door.
You open the door.
There is an open translucent door here.
Crazy Yiuf shouts!
Crazy Yiuf grits, "Whippet song turtle!"
You tentacle-slap Crazy Yiuf. Your grab misses Crazy Yiuf.
Crazy Yiuf is moderately wounded.
Crazy Yiuf hits you with a +4 quarterstaff of chaos.
You feel your power leaking away.
You tentacle-slap Crazy Yiuf but do no damage.
Your grab misses Crazy Yiuf.
Crazy Yiuf is moderately wounded.
You tentacle-slap Crazy Yiuf but do no damage.
Your grab misses Crazy Yiuf.
Crazy Yiuf is moderately wounded.
Crazy Yiuf cries, "Pitchfork cloud hand!"
Crazy Yiuf barely misses you.
You barely miss Crazy Yiuf. You grab Crazy Yiuf.
Crazy Yiuf is moderately wounded.
You constrict Crazy Yiuf.
Crazy Yiuf hits you with a +4 quarterstaff of chaos!
Ouch! That really hurt!
* * * LOW HITPOINT WARNING * * *
You feel your power leaking away.
You tentacle-slap Crazy Yiuf.
Crazy Yiuf is heavily wounded.
You constrict Crazy Yiuf, but do no damage.
Crazy Yiuf hits you with a +4 quarterstaff of chaos!
You die...

#...P#
...##
#.P.##
######
##.##
#.##
##.#
#.##
###
##.#
#...
##'##
#.##
#.h.#
#.g.#
#..)#
#####


You could see Crazy Yiuf.

Vanquished Creatures
  2 adders (D:2)
  A dart slug (D:1)
  6 bats
  6 endoplasms
  A giant cockroach (D:1)
  2 goblins (D:1)
  2 hobgoblins (D:1)
  2 jackals (D:1)
  2 ball pythons
  3 kobolds (D:1)
  4 rats
31 creatures vanquished.

Notes
Turn   | Place    | Note
-------+----------+-------------------------------------------
     0 | D:1      | mopl the Octopode Shapeshifter began the quest for the Orb.
     0 | D:1      | Reached XP level 1. HP: 13/13 MP: 1/1
    67 | D:1      | Reached XP level 2. HP: 18/18 MP: 2/2
   340 | D:1      | Reached XP level 3. HP: 23/23 MP: 3/3
   583 | D:2      | Found a faded altar of an unknown god.
   720 | D:2      | Found a runed translucent door.
   721 | D:2      | Noticed Crazy Yiuf
   731 | D:2      | Slain by Crazy Yiuf

Illustrated notes

Levels and vault maps discovered:
D:1:      psy_arrival_dodecagon, layout_basic
D:2:      layout_basic, basic_ecumenical_altar, uniq_jessica,
          uniq_crazy_yiuf_cottage

Action                     || total
---------------------------++-------
  Melee: Unarmed           ||    63
         Tentacles         ||    12
         Punch             ||     2
         Constrict         ||    11
   Stab: Sleeping          ||     5
 Armour: Skin              ||    32
  Dodge: Dodged            ||    35

Table legend: (Time is in decaauts)
 A = Elapsed time spent in this place.
 B = Non-inter-level travel time spent in this place.
 C = Inter-level travel time spent in this place.
 D = Time resting spent in this place.
 E = Time spent auto-exploring this place.
 F = Levels seen in this place.
 G = Mean time per level.
                   A        B        C        D        E       F      G
               +--------+--------+--------+--------+--------+-----+--------+
         Total |    726 |    711 |     15 |      0 |    527 |   2 |  363.0 |
       Dungeon |    726 |    711 |     15 |      0 |    527 |   2 |  363.0 |
               +--------+--------+--------+--------+--------+-----+--------+

Top non-repeatable levels by time:
     D:1: 512 daAuts
     D:2: 214 daAuts
